 Dungeon Sprint DCSS version 0.23.2-30-g0e89c35649 (webtiles) character file.

Game seed: 7390968872305807613

42663 HASTUR3 the Black Belt (level 14, -13/79 HPs)
             Began as a Vine Stalker Monk on June 18, 2019.
             Was an Elder of Cheibriados.
             Killed from afar by a deep troll earth mage (22 damage)
             ... with a blast of rock fragments
             ... in the Dungeon (Sprint IX: "|||||||||||||||||||||||||||||").
             The game lasted 00:25:45 (2367 turns).

HASTUR3 the Black Belt (Vine Stalker Monk)          Turns: 2367, Time: 00:25:48

Health: -13/79     AC: 13    Str: 26    XL:     14   Next: 20%
Magic:  0/32       EV: 24    Int: 19    God:    Cheibriados [****..]
Gold:   1011       SH:  8    Dex: 28    Spells: 40/40 levels left

rFire    . . .     SeeInvis .     - Unarmed
rCold    + . .     Gourm    .   r - +0 buckler
rNeg     . . .     Faith    .   v - +2 robe of Vines {NoPotionHeal Regen+7}
rPois    .         Spirit   +   s - +1 helmet
rElec    +         Reflect  .   y - +1 cloak
rCorr    .         Harm     .   e - +0 pair of gloves
MR       +....     NoTele   +   t - +0 pair of boots
Stlth    +++++++...             (no amulet)
HPRegen  3.83/turn              i - ring of protection from cold
MPRegen  0.23/turn              a - +2 ring of evasion

@: very slow
A: fangs 3, yellow scales 1, regeneration 2, electricity resistance, magic
shield, antimagic bite, no potion heal 3, rot immunity
a: Bend Time, Temporal Distortion, Slouch, Renounce Religion


You were in the Dungeon.
You worshipped Cheibriados.
Cheibriados was greatly pleased with you.
You were hungry.

You visited 1 branch You collected 1915 gold pieces.
You spent 904 gold pieces at shops.

Inventory:

Armour
 e - a +0 pair of gloves (worn)
 r - a +0 buckler (worn)
 s - a +1 helmet (worn)
 t - a +0 pair of boots (worn)
 v - the +2 robe of Vines (worn) {NoPotionHeal Regen+7}
   (You bought it in a shop in the Dungeon)

   It increases your rate of regeneration.
 y - a +1 cloak (worn)
Jewellery
 a - a +2 ring of evasion (right hand)
 i - a ring of protection from cold (left hand)
 l - a +2 ring of protection
 w - an uncursed ring of fire
 x - an uncursed ring of poison resistance
Scrolls
 h - 4 scrolls of blinking
 j - 3 scrolls of remove curse
 k - 2 scrolls of amnesia
 n - 4 scrolls of identify
 o - 2 scrolls of enchant weapon
 p - 6 scrolls of enchant armour
 q - 2 scrolls of fear
Potions
 c - 5 potions of curing
 f - a potion of magic
 m - a potion of agility
Comestibles
 b - 10 rations
 d - 5 chunks of flesh


   Skills:
 - Level 11.4 Fighting
 - Level 7.4 Armour
 - Level 9.7 Dodging
 + Level 15.3 Stealth
 - Level 7.6 Shields
 - Level 19.1 Unarmed Combat
 - Level 13.5 Spellcasting
 - Level 17.8 Invocations
   Level 5.5 Evocations


You had 40 spell levels left.
You didn't know any spells.
Your spell library was empty.

Dungeon Overview and Level Annotations

Branches:
Dungeon (1/1)

Altars:
Cheibriados
Dithmenos
Elyvilon
Fedhas
Gozag
Hepliaklqana
Kikubaaqudgha
Makhleb
Nemelex Xobeh
Okawaru
Qazlal
Ru
Sif Muna
Trog
Uskayaw
Vehumet
Wu Jian
Xom
Yredelemnul
Zin
The Shining One
Beogh
Jiyva
Lugonu

Shops:
D ??*!

Annotations:
D Sonja


Innate Abilities, Weirdness & Mutations

You have razor-sharp teeth.
You heal very quickly.
When hurt, damage is shared between your health and your magic reserves.
Your bite disrupts and absorbs the magic of your enemies.
Potions cannot restore your health.
You are immune to rotting.
You are partially covered in yellow scales. (AC +2)
You are resistant to electric shocks. (rElec)


Message History

You feel somewhat more hungry.
You can no longer step out of the flow of time.
Cheibriados lowers the support of your attributes as your movement quickens.
The frost giant points at you and mumbles some strange words.
The bolt of cold hits the ice dragon!
The ice dragon resists.
The bolt of cold hits you! You resist.
You punch the ice dragon!
You bite the ice dragon, but do no damage.
The ice dragon is almost dead.
The ice dragon bites you but does no damage.
The ice dragon closely misses you. x2
The frost giant points at you and mumbles some strange words.
The bolt of cold hits the ice dragon!
The ice dragon resists.
The ice dragon dies!
Your Stealth skill increases to level 15!
The bolt of cold hits you!! You resist.
* * * LOW HITPOINT WARNING * * *
The deep troll earth mage gestures at you while chanting.
The stone door frame shatters!
The blast of rock fragments hits you!!
You die...

▓▓▓▓▓▓▓▓▓▓▓▓▓▓▓▓▓▓▓▓▓▓▓▓
.GT.C.)@................
▓▓▓▓▓▓▓▓▓▓▓▓▓▓▓▓▓▓▓▓▓▓▓▓▓▓▓▓▓▓▓▓.
(....[...........................
▓▓▓▓▓▓▓▓▓▓▓▓▓▓▓▓▓▓▓▓▓▓▓▓▓▓▓▓▓▓▓▓▓
))))((('.(.......'...............
▓▓▓▓▓▓▓▓▓▓▓▓▓▓▓▓▓▓▓▓▓▓▓▓▓▓▓▓▓▓▓▓.
.................................
▓▓▓▓▓▓▓▓▓▓▓▓▓▓▓▓▓▓▓▓▓▓▓▓▓▓▓▓▓▓▓▓▓
.[[[[[[[..))).))))...=.'.........


You could see a frost giant, a great orb of eyes and a deep troll earth mage.

Vanquished Creatures
  A fire giant (D)
  A stone giant (D)
  An entropy weaver (D)
  Nessos (D)
  2 dire elephants (D)
  2 ettins (D)
  2 fire dragons (D)
  Snorg (D)
  2 merfolk impalers (D)
  Erolcha (D)
  Harold (D)
  4 hydras (D)
  A ghost crab (D)
  A naga warrior (D)
  An anaconda (D)
  A two-headed ogre (D)
  A deep troll shaman (D)
  2 ogre magi (D)
  2 naga sharpshooters (D)
  A vampire mage (D)
  8 orc high priests (D)
  An unseen horror (D)
  An orc knight (D)
  A harpy (D)
  A necromancer (D)
  5 orb spiders (D)
  2 ugly things (D)
  3 manticores (D)
  6 elephants (D)
  3 black mambas (D)
  A naga mage (D)
  A guardian serpent (D)
  Psyche (D)
  A spiny frog (D)
  3 komodo dragons (D)
  A demonic crawler (D)
  A tengu conjurer (D)
  2 hornets (D)
  A blink frog (D)
  A bog body (D)
  2 hippogriffs (D)
  A redback (D)
  A water elemental (D)
  A wyvern (D)
  A basilisk (D)
  2 yaks (D)
  Grum (D)
  2 vampire mosquitoes (D)
  A naga (D)
  A water moccasin (D)
  4 porcupines (D)
  8 orc warriors (D)
  An ice beast (D)
  An eye of draining (D)
  A boggart (D)
  4 wolves (D)
  2 crocodiles (D)
  2 bullfrogs (D)
  2 howler monkeys (D)
  3 hounds (D)
  3 orc wizards (D)
  8 orc priests (D)
  An iguana (D)
  2 worker ants (D)
  An adder (D)
  An adder skeleton (D)
  11 orcs (D)
  2 goblins (D)
  A kobold (D)
  A quokka (D)
  2 bats (D)
  A leopard gecko skeleton (D)
148 creatures vanquished.

Vanquished Creatures (others)
  A hydra (D)
  An ice dragon (D)
2 creatures vanquished.

Grand Total: 150 creatures vanquished

Notes
Turn   | Place    | Note
-------+----------+-------------------------------------------
     0 | D        | HASTUR3 the Vine Stalker Monk began the quest for the Orb.
     0 | D        | Reached XP level 1. HP: 11/11 MP: 2/2
     4 | D        | Reached skill level 1 in Spellcasting
   140 | D        | Noticed a worker ant
   140 | D        | Noticed an iguana
   140 | D        | Noticed a hound
   140 | D        | Noticed a hound
   143 | D        | Killed a hound
   143 | D        | Reached skill level 5 in Unarmed Combat
   143 | D        | Reached XP level 2. HP: 16/16 MP: 5/8
   143 | D        | Reached XP level 3. HP: 19/19 MP: 5/9
   147 | D        | Reached skill level 6 in Unarmed Combat
   147 | D        | Reached skill level 5 in Spellcasting
   147 | D        | Gained mutation: Your natural rate of healing is unusually
                  | fast. [Vine Stalker growth]
   147 | D        | Reached XP level 4. HP: 23/23 MP: 6/12
   151 | D        | Reached skill level 7 in Unarmed Combat
   153 | D        | Reached skill level 8 in Unarmed Combat
   165 | D        | Found a roughly hewn altar of Beogh.
   165 | D        | Found a snail-covered altar of Cheibriados.
   165 | D        | Found a shadowy altar of Dithmenos.
   165 | D        | Found a white marble altar of Elyvilon.
   165 | D        | Found a blossoming altar of Fedhas.
   165 | D        | Found an opulent altar of Gozag.
   166 | D        | Found a hazy altar of Hepliaklqana.
   167 | D        | Found a viscous altar of Jiyva.
   168 | D        | Found an ancient bone altar of Kikubaaqudgha.
   169 | D        | Became a worshipper of Cheibriados the Contemplative
   169 | D        | Reached * piety under Cheibriados
   169 | D        | Reached ** piety under Cheibriados
   170 | D        | Found a corrupted altar of Lugonu.
   171 | D        | Found a burning altar of Makhleb.
   172 | D        | Found a sparkling altar of Nemelex Xobeh.
   173 | D        | Found an iron altar of Okawaru.
   174 | D        | Found a stormy altar of Qazlal.
   175 | D        | Found a sacrificial altar of Ru.
   176 | D        | Found a deep blue altar of Sif Muna.
   177 | D        | Found a bloodstained altar of Trog.
   178 | D        | Found a hide-covered altar of Uskayaw.
   179 | D        | Found a radiant altar of Vehumet.
   180 | D        | Found an ornate altar of the Wu Jian Council.
   181 | D        | Found a shimmering altar of Xom.
   182 | D        | Found a basalt altar of Yredelemnul.
   183 | D        | Found a glowing silver altar of Zin.
   184 | D        | Found a glowing golden altar of the Shining One.
   232 | D        | Noticed a bullfrog
   232 | D        | Noticed an ice beast
   239 | D        | Reached skill level 9 in Unarmed Combat
   239 | D        | Reached XP level 5. HP: 27/27 MP: 13/13
   248 | D        | Killed an ice beast
   248 | D        | Reached *** piety under Cheibriados
   248 | D        | Reached skill level 11 in Unarmed Combat
   248 | D        | Reached XP level 6. HP: 32/32 MP: 14/14
   256 | D        | Reached skill level 12 in Unarmed Combat
   259 | D        | Reached **** piety under Cheibriados
   271 | D        | Noticed a two-headed ogre
   271 | D        | Noticed a yak
   275 | D        | Killed a yak
   275 | D        | Reached skill level 5 in Invocations
   275 | D        | Reached XP level 7. HP: 35/35 MP: 15/15
   285 | D        | Killed a two-headed ogre
   285 | D        | Gained mutation: You have razor-sharp teeth. [Vine Stalker
                  | growth]
   285 | D        | Reached XP level 8. HP: 32/39 MP: 12/17
   286 | D        | Reached ***** piety under Cheibriados
   294 | D        | Killed an unseen horror
   294 | D        | Reached XP level 9. HP: 19/43 MP: 17/20
   392 | D        | Gained mutation: You are agile. (Dex +2) [potion of
                  | mutation]
   392 | D        | Gained mutation: You have large cloven feet. [potion of
                  | mutation]
   397 | D        | Lost mutation: You have large cloven feet. [potion of
                  | mutation]
   397 | D        | Lost mutation: You are agile. (Dex +2) [potion of mutation]
   397 | D        | Gained mutation: You are resistant to electric shocks.
                  | (rElec) [potion of mutation]
   397 | D        | Gained mutation: You are partially covered in yellow
                  | scales. (AC +2) [potion of mutation]
   415 | D        | Noticed a komodo dragon
   415 | D        | Noticed a black mamba
   416 | D        | Killed a black mamba
   416 | D        | Reached ****** piety under Cheibriados
   418 | D        | Reached skill level 5 in Fighting
   419 | D        | Killed a komodo dragon
   419 | D        | Reached skill level 5 in Dodging
   447 | D        | Noticed a six-headed hydra
   447 | D        | Noticed a komodo dragon
   448 | D        | Noticed a four-headed hydra
   449 | D        | Reached XP level 10. HP: 53/53 MP: 20/23
   455 | D        | Killed a six-headed hydra
   455 | D        | Reached skill level 13 in Unarmed Combat
   455 | D        | Reached skill level 15 in Invocations
   456 | D        | Killed a four-headed hydra
   456 | D        | Reached skill level 10 in Spellcasting
   578 | D        | Noticed an elephant
   578 | D        | Noticed an elephant
   578 | D        | Noticed an elephant
   578 | D        | Noticed a dire elephant
   578 | D        | Noticed an elephant
   578 | D        | Noticed an elephant
   579 | D        | Noticed a dire elephant
   581 | D        | Killed an elephant
   582 | D        | Killed an elephant
   582 | D        | Killed an elephant
   582 | D        | Reached XP level 11. HP: 53/58 MP: 8/26
   586 | D        | Killed a dire elephant
   586 | D        | Reached skill level 14 in Unarmed Combat
   593 | D        | Killed a dire elephant
   844 | D        | Noticed an orc knight
   850 | D        | Killed an orc knight
   857 | D        | Reached skill level 1 in Armour
   994 | D        | Found Miprera's Distillery.
   994 | D        | Noticed an orc high priest
   994 | D        | Noticed an orc high priest
   997 | D        | Killed an orc high priest
   997 | D        | Killed an orc high priest
   997 | D        | Noticed an orc high priest
  1001 | D        | Noticed an orc high priest
  1008 | D        | Noticed a soul eater
  1013 | D        | Killed an orc high priest
  1014 | D        | Killed an orc high priest
  1014 | D        | Reached skill level 5 in Armour
  1014 | D        | Gained mutation: You heal very quickly. [Vine Stalker
                  | growth]
  1014 | D        | Reached XP level 12. HP: 27/62 MP: 17/28
  1020 | D        | Found Xonlannicunn's General Store.
  1028 | D        | Found Kiogec's Magic Scroll Boutique.
  1032 | D        | Found Vala's Magic Scroll Shop.
  1081 | D        | Noticed an orc high priest
  1084 | D        | Noticed an orc high priest
  1084 | D        | Noticed an orc high priest
  1085 | D        | Noticed an orc high priest
  1090 | D        | Noticed a soul eater
  1090 | D        | Killed an orc high priest
  1091 | D        | Killed an orc high priest
  1091 | D        | Killed an orc high priest
  1093 | D        | Killed an orc high priest
  1218 | D        | Bought a potion of agility for 52 gold pieces
  1218 | D        | Bought a potion of lignification for 39 gold pieces
  1220 | D        | Bought the +2 robe of Vines {NoPotionHeal Regen+7} for 800
                  | gold pieces
  1220 | D        | Found the +2 robe of Vines {NoPotionHeal Regen+7}
  1263 | D        | Bought a potion of degeneration for 13 gold pieces
  1313 | D        | Noticed Erolcha
  1323 | D        | Killed Erolcha
  1328 | D        | Noticed Psyche
  1337 | D        | Killed Psyche
  1338 | D        | Noticed Grum
  1347 | D        | Killed Grum
  1347 | D        | Reached skill level 5 in Evocations
  1421 | D        | Got the cursed +1 dagger of Harmony {protect, *Drain rPois
                  | Str+6}
  1487 | D        | Noticed an ogre mage
  1490 | D        | Noticed an ogre mage
  1495 | D        | Killed an ogre mage
  1495 | D        | Reached skill level 15 in Unarmed Combat
  1496 | D        | Killed an ogre mage
  1497 | D        | Noticed a deep troll shaman
  1497 | D        | Noticed an ettin
  1503 | D        | Noticed a fire giant
  1505 | D        | Killed a deep troll shaman
  1508 | D        | Killed an ettin
  1508 | D        | Reached skill level 16 in Unarmed Combat
  1508 | D        | Noticed a stone giant
  1514 | D        | Killed a fire giant
  1520 | D        | Killed a stone giant
  1520 | D        | Reached skill level 17 in Unarmed Combat
  1520 | D        | Reached XP level 13. HP: 45/66 MP: 14/31
  1581 | D        | Noticed Nessos
  1588 | D        | Killed Nessos
  1647 | D        | Noticed an entropy weaver
  1651 | D        | Killed an entropy weaver
  1652 | D        | Reached skill level 18 in Unarmed Combat
  1652 | D        | Reached skill level 5 in Shields
  1847 | D        | Noticed a merfolk impaler
  1856 | D        | Reached skill level 10 in Fighting
  1856 | D        | Noticed a merfolk impaler
  1863 | D        | Killed a merfolk impaler
  1867 | D        | Killed a merfolk impaler
  2001 | D        | Reached skill level 19 in Unarmed Combat
  2125 | D        | Noticed Harold
  2134 | D        | Killed Harold
  2134 | D        | Reached skill level 10 in Stealth
  2134 | D        | Reached XP level 14. HP: 79/79 MP: 12/32
  2262 | D        | Noticed Sonja
  2270 | D        | Noticed Snorg
  2276 | D        | Killed Snorg
  2347 | D        | Noticed a frost giant
  2367 | D        | Reached skill level 15 in Stealth
  2367 | D        | Killed from afar by a deep troll earth mage

Skill      XL: |  1  2  3  4  5  6  7  8  9 10 11 12 13 14 |
---------------+-------------------------------------------+-----
Spellcasting   | 4 5 8 10 11 13 | 13.5
Unarmed Combat | 5 6 9 11 12 13 14 17 19 | 19.1
Invocations    | 5 11 13 14 16 17 | 17.8
Fighting       | 6 11 | 11.4
Dodging        | 5 8 9 |  9.7
Stealth        | 7 10 15 | 15.3
Armour         | 5 7 |  7.4
Evocations     | 5 |  5.5
Shields        | 7 |  7.6

Action                   |  1- 3 |  4- 6 |  7- 9 | 10-12 | 13-15 || total
-------------------------+-------+-------+-------+-------+-------++-------
Melee: Unarmed           |    17 |    36 |    22 |    78 |    47 ||   200
       Bite              |     4 |    15 |    18 |    48 |    31 ||   116
       Punch             |       |     4 |     1 |     9 |       ||    14
Invok: Slouch            |       |       |     6 |    42 |    28 ||    76
       Step From Time    |       |       |       |       |     1 ||     1
Evoke: Wand              |       |       |       |     5 |     5 ||    10
  Use: Potion            |     1 |       |     3 |     1 |     5 ||    10
 Stab: Invisible         |       |       |     2 |       |       ||     2
       Sleeping          |       |       |       |     1 |     3 ||     4
  Eat: Chunk             |       |       |       |     6 |     3 ||     9
       Ration            |       |       |       |       |     1 ||     1
Armor: Robe              |     2 |       |       |     2 |    15 ||    19
       Scale mail        |       |     6 |     6 |    15 |       ||    27
       Plate armour      |       |       |       |     7 |       ||     7
       Skin              |       |       |       |       |     8 ||     8
Dodge: Dodged            |     8 |    15 |    21 |    57 |    35 ||   136
Block: Buckler           |       |       |       |       |    24 ||    24
